 Dungeon Crawl Stone Soup version 0.26-b1-32-g5d43845318 (webtiles) character file.

Game seed: 17019430532001517820

149 Borgoz the Skirmisher (level 5, -2/46 HPs)
             Began as a Ghoul Monk on Jan 13, 2021.
             Slain by Natasha (4 damage)
             ... on level 2 of the Dungeon.
             The game lasted 00:02:08 (2134 turns).

Borgoz the Skirmisher (Ghoul Monk)                  Turns: 2134, Time: 00:02:08

Health: -2/46      AC:  4    Str: 13 (16) XL:     5   Next: 31%
Magic:  4/4        EV: 13    Int:  4 (5)  God:
Gold:   87         SH:  0    Dex: 10 (11) Spells: 4/4 levels left

rFire    . . .     SeeInvis .   a - +0 falchion
rCold    + . .     Faith    .   (no shield)
rNeg     + + +     Spirit   .   b - +0 robe
rPois    ∞         Reflect  .   k - +1 helmet
rElec    .         Harm     .   (no cloak)
rCorr    .         Rampage  .   (no gloves)
Will     .....                  (no boots)
Stlth    ++........             (no amulet)
HPRegen  0.00/turn              (no ring)
MPRegen  0.09/turn              (no ring)

@: no status effects
A: claws 1, cold resistance 1, negative energy resistance 3, inhibited
regeneration, torment resistance, unbreathing
a: no special abilities


You were on level 2 of the Dungeon.
You visited 1 branch of the dungeon, and saw 2 of its levels.

You collected 87 gold pieces.

Inventory:

Hand Weapons
 a - a +0 falchion (weapon)
Armour
 b - a +0 robe (worn)
 e - a +0 helmet
 k - a +1 helmet (worn)
Scrolls
 c - a scroll of fog {unknown}
 f - 2 scrolls of teleportation
 g - a scroll of amnesia {unknown}
 h - a scroll of remove curse {unknown}
 j - a scroll of identify {unknown}
Potions
 d - a potion of degeneration


   Skills:
 + Level 3.7 Fighting
 * Level 3.6 Long Blades
 * Level 2.1 Armour
 * Level 3.6 Dodging
 - Level 2.1 Stealth


You had 4 spell levels left.
You didn't know any spells.
Your spell library was empty.

Dungeon Overview and Level Annotations

Branches:
Dungeon (2/15)

Altars:
Yredelemnul

Annotations:
D:2 1 runed translucent door, Natasha


Innate Abilities, Weirdness & Mutations

You thrive by killing the living.
You are immune to poison.
You have sharp fingernails.
Your flesh is cold resistant. (rC+)
You are immune to negative energy. (rN+++)
You do not regenerate when monsters are visible.
You are immune to unholy pain and torment.
You can survive without breathing.


Message History

The shadow imp sputters.
The shadow imp hits you.
* * * LOW HITPOINT WARNING * * *
Natasha hisses.
Natasha misses you.
You riposte.
You hit Natasha.
Natasha is moderately wounded.
The shadow imp closely misses you.
You riposte.
You hit the shadow imp.
The shadow imp is heavily wounded.
You closely miss Natasha.
Natasha is moderately wounded.
Natasha barely misses you. The shadow imp closely misses you.
You barely miss Natasha.
Natasha is moderately wounded.
The shadow imp disappears in a puff of smoke!
Natasha zaps a wand.
The puff of flame hits you!
* * * LOW HITPOINT WARNING * * *
You closely miss Natasha.
Natasha is moderately wounded.
Natasha claws you.
You die...

#.# #.#....)##.# #.#
.#....[...# #.# #.#.....####
#.# .#.......## #.# ###
.##.####..## #.# ##.## ..##.
##..).##
#.######...##..##.##.)##..##
#>...............##....##..#
########(..@h...##..##..##))
#...##.###..##....##( #.#.#
##..##..##..## #.#.#
#..##..#.##..# #.#.#
##..##..##..## .!...
..##..##....##. .....
#.###..##..##.. #.....##.#
##†...##..# #. ... #.#
##..##..##


You could see Natasha.

Vanquished Creatures
  A hound (D:2)
  A human skeleton (D:2)
  3 adders (D:2)
  2 worms (D:2)
  4 dart slugs
  A ball python (D:1)
  2 giant cockroaches
  7 goblins
  4 hobgoblins
  8 jackals
  9 kobolds
  8 bats
  4 frilled lizards
  2 rats (D:1)
56 creatures vanquished.

Notes
Turn   | Place    | Note
-------+----------+-------------------------------------------
     0 | D:1      | Borgoz the Ghoul Monk began the quest for the Orb.
     0 | D:1      | Reached XP level 1. HP: 19/19 MP: 0/0
   216 | D:1      | Reached XP level 2. HP: 16/26 MP: 1/1
   579 | D:1      | Reached skill level 1 in Armour
   613 | D:1      | Reached XP level 3. HP: 27/31 MP: 2/2
  1030 | D:2      | Found a runed translucent door.
  1030 | D:2      | Noticed a human
  1032 | D:2      | Found a basalt altar of Yredelemnul.
  1046 | D:2      | Reached XP level 4. HP: 27/38 MP: 3/3
  1440 | D:2      | Reached XP level 5. HP: 26/46 MP: 4/4
  2115 | D:2      | Noticed Natasha
  2133 | D:2      | HP: 2/46 [Natasha/puff of flame (9)]
  2134 | D:2      | Slain by Natasha

Illustrated notes

Levels and vault maps discovered:
D:1:      minmay_arrival_plants_in_alcoves, layout_basic, serial_glass,
          glass_columns_b, glass_columns_a, nrook_mini_vaults,
          hangedman_abyss_or_decor_stabs
D:2:      minmay_alternating_diamond, layout_loops_ring, minivault_23,
          dk_yredelemnul_ordeal, uniq_natasha

Skill      XL: |  1  2  3  4 |
---------------+-------------+-----
Long Blades    | 3 |  3.6
Armour         | 1 2 |  2.1
Dodging        | 3 |  3.6
Fighting       | |  3.7
Stealth        | |  2.1

Action                   |  1- 3 |  4- 6 || total
-------------------------+-------+-------++-------
Melee: Falchion          |    90 |   126 ||   216
  Use: Potion            |       |     2 ||     2
       Scroll            |       |     1 ||     1
 Stab: Sleeping          |     5 |     3 ||     8
Armor: Robe              |    20 |    34 ||    54
Dodge: Dodged            |    60 |   104 ||   164
       Rpst.: Falchion   |    19 |    31 ||    50
